 Dungeon Crawl Stone Soup version 0.31.0-2-g5a2aebc5c2 (webtiles) character file.

Game seed: 17916283111698793441

109 Zeia the Grave Robber (level 4, -2/30 HPs)
             Began as a Demonspawn Necromancer on Jan 20, 2024.
             Killed from afar by an orc wizard (4 damage)
             ... with a magic dart
             ... on level 2 of the Dungeon.
             The game lasted 00:08:54 (2071 turns).

Zeia the Grave Robber (Demonspawn Necromancer)      Turns: 2071, Time: 00:08:55

Health: -2/30      AC:  5    Str:  9    XL:     4   Next: 60%
Magic:  7/7        EV: 12    Int: 17    God:
Gold:   114        SH:  0    Dex: 13    Spells: 6/7 levels left

rFire   . . .        o - +0 dagger
rCold   . . .        (no shield)
rNeg    . . .        m - +2 robe {Will+}
rPois   .            f - +0 helmet
rElec   .            (no cloak)
rCorr   .            (no gloves)
SInv    .            (no boots)
Will    +....        (no amulet)
Stlth   ++           (no ring)
HPRegen 0.25/turn    (no ring)
MPRegen 0.20/turn

%: no passive effects
@: no status effects
A: demonic guardian 1, magic regeneration
a: no special abilities


You were on level 2 of the Dungeon.
You visited 1 branch of the dungeon, and saw 3 of its levels.

You collected 114 gold pieces.

Inventory:

Hand Weapons
 h - a +0 whip
 o - a +0 dagger (weapon)
Armour
 a - a +0 robe
 f - a +0 helmet (worn)
 m - a +2 robe of willpower (worn)
Magical Staves
 j - a staff of fire
Wands
 l - a wand of flame (14)
Scrolls
 e - a scroll of torment {unknown}
 i - a scroll of butterflies {unknown}
Potions
 b - a potion of magic
 c - a potion of might {unknown}
 d - a potion of resistance {unknown}
 g - a potion of curing {unknown}
 k - a potion of haste {unknown}
 n - a potion of invisibility {unknown}


   Skills:
 - Level 1.7 Dodging
 - Level 1.7 Stealth
 - Level 2.0 Spellcasting
 * Level 6.7 Necromancy


You had 6 spell levels left.
You knew the following spells:

 Your Spells              Type           Power      Damage    Failure   Level
a - Necrotise             Necr           96%        1d8       1%          1

Your spell library contained the following spells:

 Spells                   Type           Power      Damage    Failure   Level
 Vampiric Draining        Necr           24%        2d7       3%          3
 Animate Dead             Necr           24%        N/A       12%         4
 Freeze                   Ice            4%         1d3       19%         1
 Curse of Agony           Necr           24%        N/A       34%         5
 Frozen Ramparts          Ice            2%         1d1       50%         3
 Hailstorm                Conj/Ice       1%         3d5       50%         3


Dungeon Overview and Level Annotations

Branches:
Dungeon (3/15)

Altars:

Shops:
D:1 [[*:(


Innate Abilities, Weirdness & Mutations

A weak demonic guardian rushes to your aid.
You regenerate magic rapidly.


Message History

There is a stone staircase leading up here.
A magic dart appears from out of thin air!
The magic dart hits you.
You hit something but do no damage. Something hits you.
You miss something. Something hits you but does no damage.
You miss something. Something hits you but does no damage.
You barely miss something. Something hits you.
You closely miss something. Something hits you.
You miss something. Something hits you but does no damage.
You miss something. Something hits you but does no damage.
You barely miss something. Something hits you but does no damage.
You closely miss something. Something hits you.
You hit something. Something hits you.
You miss something. Something hits you but does no damage.
You hit something. Something hits you.
You miss something.
You hear some strange, mumbled words.
A puff of flame appears from out of thin air!
The puff of flame hits you!
* * * LOW HITPOINT WARNING * * *
You barely miss something.
You hear some strange, mumbled words.
Something tries to affect you, but you resist.
Something hits you but does no damage.
There is a stone staircase leading up here.
Something hits you but does no damage.
You climb upwards.
Reactivating autopickup.
There is a stone staircase leading down here.
You start resting.
You hear some strange, mumbled words.
A magic dart appears from out of thin air!
Deactivating autopickup; reactivate with Ctrl-A.
The magic dart hits you!
* * * LOW HITPOINT WARNING * * *
A demonic guardian appears!
Okay, then.
A magic dart appears from out of thin air!
The magic dart hits you.
You die...

#.# #.......##.### #.#
#.......##.... #.#
########.......##.... #.#
#..............##.... #.#
#.######.......##..##
#.####.######.......##..##
#.#.......##........##..##
#.#.##.##(##.....#####..##
#.#.##.##@##>...........##
#..........{.5............
###.##.##.##.....######.##
#.##.(..####.### #.##
#.......# #...# #.##
######.####...### #...
#.##..>....########
#.##...............
#.#........########


You could see a friendly iron imp (summoned).

Vanquished Creatures
  Jessica (D:2)
  2 adders
  3 ribbon worms (D:2)
  A dart slug (D:2)
  3 orcs
  6 ball pythons
  5 endoplasms
  4 goblins
  5 hobgoblins
  2 jackals (D:3)
  A kobold (D:1)
  5 quokkas
  2 bats (D:1)
  2 frilled lizards (D:1)
  5 rats
47 creatures vanquished.

Vanquished Creatures (collateral kills)
  A bat (D:1)
  A hobgoblin (D:1)
  A frilled lizard (D:1)
3 creatures vanquished.

Grand Total: 50 creatures vanquished

Notes
Turn   | Place    | Note
-------+----------+-------------------------------------------
     0 | D:1      | Zeia the Demonspawn Necromancer began the quest for the
                  | Orb.
     0 | D:1      | Reached XP level 1. HP: 13/13 MP: 3/3
   180 | D:1      | Found Verr's Assorted Antiques.
   315 | D:1      | Gained mutation: You regenerate magic rapidly. [demonic
                  | ancestry]
   315 | D:1      | Reached XP level 2. HP: 19/19 MP: 3/5
   329 | D:1      | Reached skill level 5 in Necromancy
   606 | D:1      | Found Feproca's Antique Armour Shoppe.
   606 | D:1      | Found Bocuru's Armour Shoppe.
   738 | D:1      | Found Bymuenop's Weapon Shop.
   754 | D:1      | Found Zyiplug's Book Boutique.
   822 | D:2      | Gained mutation: A weak demonic guardian rushes to your
                  | aid. [demonic ancestry]
   822 | D:2      | Reached XP level 3. HP: 24/24 MP: 1/6
   949 | D:2      | Noticed Jessica
   978 | D:2      | Killed Jessica
   979 | D:2      | Reached skill level 6 in Necromancy
  1134 | D:2      | Reached XP level 4. HP: 29/30 MP: 4/7
  1824 | D:3      | Found a faded altar of an unknown god.
  2068 | D:2      | HP: 1/30 [something/magic dart (7)]
  2071 | D:2      | Killed from afar by an orc wizard

Illustrated notes

Levels and vault maps discovered:
D:1:      lightli_arrival_chessboard, layout_loops_cross, serial_shops, shop,
          nicolae_shop_stone, shop_statue, nicolae_shop_waterfront, shop
D:2:      layout_loops_ring, uniq_jessica
D:3:      layout_basic, basic_ecumenical_altar, minmay_misc_feat_doors,
          minmay_misc_feat_tower, chequers_serial_rivers_large_b

Skill      XL: |  1  2  3 |
---------------+----------+-----
Necromancy     | 5 6 |  6.7
Dodging        | |  1.7
Stealth        | |  1.7
Spellcasting   | |  2.0

Action                     |  1- 3 |  4- 6 || total
---------------------------+-------+-------++-------
  Melee: Unarmed           |     1 |       ||     1
         Whip              |    12 |    29 ||    41
         Dagger            |       |    14 ||    14
   Cast: Necrotise         |    64 |    39 ||   103
 Armour: Robe              |    18 |    49 ||    67
  Dodge: Dodged            |    39 |    14 ||    53
